 Dungeon Crawl Stone Soup version 0.28.0-47-ge53b351184 (webtiles) character file.

Game seed: 520119664026341761

2217 enile the Skirmisher (level 9, -11/79 HPs)
             Began as a Purple Draconian Transmuter on May 3, 2022.
             Was an Initiate of Yredelemnul.
             Killed from afar by a steam dragon (23 damage)
             ... with a ball of steam
             ... on level 7 of the Dungeon.
             The game lasted 00:17:19 (10838 turns).

enile the Skirmisher (Purple Draconian Transmuter) Turns: 10838, Time: 00:17:19

Health: -11/79     AC:  8    Str: 13    XL:     9   Next: 13%
Magic:  15/15      EV: 13    Int: 17    God:    Yredelemnul [......]
Gold:   410        SH:  0    Dex: 14    Spells: 13/16 levels left

rFire   . . .      SeeInvis .   e - +3 falchion
rCold   . . .      Faith    .   (no shield)
rNeg    . . .      Spirit   .   (armour unavailable)
rPois   .          Reflect  .   (helmet restricted)
rElec   .          Harm     .   m - +0 cloak "Ypasemn" {Dex+2}
rCorr   .          Rampage  .   (no gloves)
Will    +....                   (no boots)
Stlth   +.........              (no amulet)
HPRegen 0.23/turn               (no ring)
MPRegen 0.14/turn               (no ring)

@: brilliant, short of breath
A: breathe power, AC +7, unfitting armour, cold-blooded
a: Breathe Dispelling Energy, Renounce Religion, Recall Undead Harvest


You were on level 7 of the Dungeon.
You worshipped Yredelemnul.
Yredelemnul was noncommittal.
You visited 1 branch of the dungeon, and saw 7 of its levels.

You collected 410 gold pieces.

Inventory:

Hand Weapons
 a - a +0 short sword
 e - a +3 falchion (weapon)
 l - a +2 battleaxe of freezing
Armour
 m - the +0 cloak "Ypasemn" (worn) {Dex+2}
   (You found it on level 5 of the Dungeon)

   Dex:       It affects your dexterity (+2).
Magical Staves
 c - a staff of conjuration
Jewellery
 r - an amulet of faith
Wands
 h - a wand of paralysis (11)
Scrolls
 b - a scroll of silence
 d - 3 scrolls of teleportation
 f - 3 scrolls of blinking
 i - 3 scrolls of noise
 j - 2 scrolls of fear
Potions
 g - a potion of berserk rage
 k - a potion of might
 t - a potion of lignification {unknown}
 u - a potion of haste


   Skills:
 - Level 7.0 Fighting
 - Level 4.0 Dodging
 - Level 3.0 Unarmed Combat
 - Level 4.3 Spellcasting
 - Level 2.0 Translocations
 + Level 6.3 Transmutations
 - Level 6.0 Air Magic


You had 13 spell levels left.
You knew the following spells:

 Your Spells              Type           Power      Damage    Failure   Level
a - Beastly Appendage     Tmut           74%        N/A       1%          1
b - Blink                 Tloc           30%        N/A       10%         2

Your spell library contained the following spells:

 Spells                   Type           Power      Damage    Failure   Level
 Wereblood                Tmut           37%        N/A       1%          2
 Corpse Rot               Necr/Air       40%        N/A       7%          2
 Poisonous Vapours        Pois/Air       40%        N/A       7%          2
 Static Discharge         Conj/Air       20%        N/A       7%          2
 Spider Form              Tmut/Pois      21%        N/A       12%         3
 Magic Dart               Conj           20%        1d4       16%         1
 Searing Ray              Conj           10%        2d4       22%         2
 Ice Form                 Ice/Tmut       21%        N/A       38%         4
 Petrify                  Tmut/Erth      21%        N/A       38%         4
 Lightning Bolt           Conj/Air       10%        1d23      77%         5
 Animate Dead             Necr           2%         N/A       83%         4
 Fulminant Prism          Conj/Hex       2%         3d6       83%         4
 Manifold Assault         Tloc           15%        N/A       88%         5
 Borgnjor's Vile Clutch   Necr/Erth      2%         N/A       99%         5
 Metabolic Englaciation   Hex/Ice        2%         N/A       99%         5
 Statue Form              Tmut/Erth      14%        N/A       99%         6
 Storm Form               Tmut/Air       18%        N/A       100%        7
 Maxwell's Capacitive Co  Air            18%        ∞         100%        8
 Death Channel            Necr           Unusable   N/A       N/A         6

Dungeon Overview and Level Annotations

Branches:
Dungeon (7/15)             Temple (0/1) D:5

Altars:
Ru
Yredelemnul

Shops:
D:1 (   D:5 [


Innate Abilities, Weirdness & Mutations

You can breathe bolts of dispelling energy.
Your rich purple scales are hard. (AC +7)
You cannot fit into any form of body armour.
You are cold-blooded and may be slowed by cold attacks.


Message History

You feel clever all of a sudden.
You hear the faint creaking of a very distant portcullis.
Casting: Blink (safe; 10% risk of failure)
Confirm with . or Enter, or press ? or * to list all spells.
Okay, then.
Casting: Blink (safe; 10% risk of failure)
Confirm with . or Enter, or press ? or * to list all spells.
You feel a surge of power!
You blink.
Found a stone staircase leading up.
A water moccasin comes into view.
The water moccasin hisses angrily.
Okay, then.
Casting: Blink (safe; 10% risk of failure)
Confirm with . or Enter, or press ? or * to list all spells.
Okay, then.
As you read the scroll of summoning, it crumbles to dust.
Wisps of shadow whirl around you... What are your orders? t - Shout!
Orders for allies: a - Attack new target. r - Retreat! s - Stop attacking. g - Guard the area. f - Follow me.
Anything else - Cancel.
Gang up on whom?
Press: ? - help, Dir - move target, f - water moccasin
Aim: a water moccasin (ally target) Attack!
Your jelly misses the water moccasin.
The water moccasin bites you but does no damage.
Your jelly misses the water moccasin.
Aiming: Breathe Dispelling Energy (4% risk of failure)
Press: ? - help, Shift-Dir - straight line, f/p - water moccasin
Aim: a water moccasin (ally target, 31% to hit)
You breathe a bolt of dispelling energy.
The bolt of dispelling energy misses the water moccasin.
You feel stable enough to blink again. The water moccasin closely misses you.
The steam dragon breathes steam at you.
The ball of steam hits your bullfrog skeleton!
The ball of steam hits you!!
You die...
Your body rises from the dead as a mindless zombie.

...#### .. .......
.### #.$. ...## #..
#.#. .#... ...!#.#.
#.#..# #.......
#.#..# #.#.#.#.
####.#..# #.#.#.#.
#@Z§.D..# #.#.#.#.
#S##.#.####.#.#.#.
.J.. .#......#.#.#.
.....####.....D..>...
...<...#
#.########.#.
##.###.. .... #.#. #.
#.###.## #.#. # ...
.. #.#. .#. #.#.


You could see a water moccasin (ally target), a friendly jelly (summoned) and a
friendly bullfrog skeleton (summoned).

Vanquished Creatures
  Maggie (D:6)
  2 yaks (D:4)
  A black bear (D:4)
  An ogre (D:4)
  2 sky beasts (D:6)
  The ghost of acdeimund the Poker, an amateur MfGl (D:3)
  A phantom (D:5)
  2 bullfrogs (D:6)
  4 scorpions
  A wyvern skeleton (D:5)
  A howler monkey (D:6)
  3 wights (D:7)
  A jelly (D:6)
  2 bullfrog skeletons
  A centaur skeleton (D:6)
  3 hounds
  Jessica (D:3)
  An orc wizard (D:4)
  An iguana (D:5)
  Terence (D:3)
  Robin (D:4)
  A howler monkey zombie (D:7)
  5 adders
  A river rat (D:3)
  2 worms
  2 dart slugs
  11 orcs
  A bat (D:1)
  8 endoplasms
  5 giant cockroaches
  11 goblins
  8 hobgoblins
  2 jackals (D:4)
  5 quokkas
  6 ball pythons
  6 frilled lizards
  7 kobolds
  4 rats
117 creatures vanquished.

Vanquished Creatures (collateral kills)
  A hound (D:4)
  3 adders (D:3)
  A hobgoblin (D:4)
  A bat (D:3)
  A kobold (D:3)
  A rat (D:1)
8 creatures vanquished.

Vanquished Creatures (others)
  A yak zombie (D:4)
  A hound zombie (D:4)
  2 adder zombies (D:3)
  2 hobgoblin zombies
  4 ball python zombies
  A dart slug zombie (D:3)
  A frilled lizard zombie (D:2)
  A giant cockroach zombie (D:4)
  6 goblin zombies (D:4)
  2 kobold zombies
  4 orc zombies
  2 quokka zombies (D:3)
  A fungus (D:1)
  2 plants (D:1)
30 creatures vanquished.

Grand Total: 155 creatures vanquished

Notes
Turn   | Place    | Note
-------+----------+-------------------------------------------
     0 | D:1      | enile the Draconian Transmuter began the quest for the Orb.
     0 | D:1      | Reached XP level 1. HP: 16/16 MP: 3/3
   261 | D:1      | Found a faded altar of an unknown god.
   342 | D:1      | Prayed at the altar of an unknown god.
   342 | D:1      | Became a worshipper of Yredelemnul the Dark
   516 | D:1      | Found Voax's Weapon Boutique.
   528 | D:1      | Reached skill level 2 in Fighting
   545 | D:1      | Reached * piety under Yredelemnul
   551 | D:1      | Reached XP level 2. HP: 24/25 MP: 3/5
  1085 | D:1      | Learned a level 2 spell: Blink
  1232 | D:2      | Reached skill level 3 in Fighting
  2282 | D:2      | Reached skill level 1 in Translocations
  2282 | D:2      | Reached XP level 3. HP: 15/31 MP: 6/6
  3227 | D:3      | Found a runed translucent door.
  3497 | D:3      | Reached XP level 4. HP: 21/38 MP: 5/7
  3657 | D:3      | Noticed Terence
  3973 | D:3      | Noticed a scorpion
  3987 | D:3      | Killed a scorpion
  3988 | D:3      | Reached skill level 4 in Fighting
  3988 | D:3      | Reached XP level 5. HP: 20/46 MP: 5/8
  4327 | D:4      | Noticed Robin
  4368 | D:4      | Killed Robin
  4655 | D:4      | Reached ** piety under Yredelemnul
  4676 | D:4      | Your ally Robin died
  4686 | D:4      | Reached skill level 5 in Fighting
  5033 | D:4      | Found a sacrificial altar of Ru.
  5093 | D:4      | Reached XP level 6. HP: 56/56 MP: 7/9
  5786 | D:5      | Entered Level 5 of the Dungeon
  5786 | D:5      | Noticed a yak
  5786 | D:5      | Noticed a yak
  5786 | D:5      | Noticed a yak
  5787 | D:5      | Noticed a yak
  6048 | D:5      | Noticed a yak
  6048 | D:5      | Noticed a yak
  6299 | D:5      | Reached skill level 1 in Air Magic
  6545 | D:5      | Found a staircase to the Ecumenical Temple.
  6593 | D:5      | Identified the +0 cloak "Ypasemn" {Dex+2}
  6873 | D:5      | Your scales start taking on a rich purple colour.
  6873 | D:5      | Reached XP level 7. HP: 29/61 MP: 10/10
  7170 | D:4      | Killed a yak
  7380 | D:3      | Noticed Jessica
  7387 | D:3      | Killed Jessica
  7420 | D:3      | Killed Terence
  7685 | D:3      | Found a runed translucent door.
  7690 | D:3      | Noticed acdeimund's ghost (amateur MfGl)
  7832 | D:3      | Killed acdeimund's ghost
  7833 | D:3      | Reached skill level 5 in Air Magic
  7957 | D:4      | Killed a yak
  8542 | D:5      | Reached XP level 8. HP: 23/68 MP: 14/14
  8756 | D:5      | Found Hasiutat's Armour Shoppe.
  9270 | D:6      | Noticed Maggie
  9301 | D:6      | Killed Maggie
  9302 | D:6      | Reached skill level 6 in Fighting
  9485 | D:4      | Reached skill level 7 in Fighting
 10026 | D:6      | Reached skill level 5 in Transmutations
 10321 | D:6      | Reached XP level 9. HP: 72/79 MP: 15/15
 10838 | D:7      | Killed from afar by a steam dragon

Illustrated notes

Levels and vault maps discovered:
D:1:      dpeg_arrival_castle, layout_basic,
          shapermc_ecumenical_altar_hornbeckon, serial_shops,
          nicolae_shop_bloodbath_and_beyond, minmay_misc_feat_pillars,
          hangedman_decor_diamond_cutter
D:2:      layout_rooms
D:3:      minmay_chambers_of_threes, layout_basic, ebering_ghost_sewer_f,
          minmay_diced_spiral, uniq_jessica, uniq_terence
D:4:      layout_loops_corners, amcnicky_altar_gilded, serial_rivers,
          chequers_serial_rivers_room_b, chequers_serial_rivers_marsh,
          chequers_serial_rivers_micro_b, chequers_serial_rivers_small_a,
          chequers_serial_rivers_micro_a, uniq_robin
D:5:      layout_loops_ring, minmay_temple_entry_enclosed_plants, serial_shops,
          kennysheep_mini_moat
D:6:      layout_loops_ring, uniq_maggie
D:7:      layout_basic, serial_shops, shop_scrolls, nicolae_lakefront_shop,
          enter_bailey_2

Skill      XL: |  1  2  3  4  5  6  7  8  9 |
---------------+----------------------------+-----
Fighting       | 2 3 4 5 7 |  7.0
Translocations | 1 2 |  2.0
Transmutations | 3 5 6 |  6.3
Dodging        | 2 4 |  4.0
Air Magic      | 2 5 6 |  6.0
Spellcasting   | 4 |  4.3
Unarmed Combat | |  3.0

Action                   |  1- 3 |  4- 6 |  7- 9 || total
-------------------------+-------+-------+-------++-------
Melee: Short sword       |    70 |    10 |       ||    80
       Kick              |    24 |    23 |    47 ||    94
       Tailslap          |    13 |    17 |    30 ||    60
       Headbutt          |     7 |    14 |    26 ||    47
       Staff             |    53 |       |       ||    53
       Punch             |     3 |     2 |     9 ||    14
       Falchion          |       |   152 |   204 ||   356
 Cast: Beastly Appendage |    25 |    19 |    26 ||    70
       Blink             |       |     2 |     8 ||    10
 Abil: Breathe Dispellin |       |       |     8 ||     8
Evoke: Wand              |       |       |     1 ||     1
  Use: Potion            |     4 |       |     5 ||     9
       Scroll            |     1 |     6 |     5 ||    12
 Stab: Sleeping          |     3 |       |       ||     3
       Paralysed         |       |       |     7 ||     7
Armor: Skin              |    26 |    51 |    67 ||   144
Dodge: Dodged            |    67 |   134 |   165 ||   366
